Map: [EWC] Alcyone

Players

Cure - Winner!

  • Race: Terran Terran
  • Spawn Location: 1:00

Classic

  • Race: Protoss Protoss
  • Spawn Location: 7:00

Event: Esports World Cup 2024

VOD

Have the link to the VOD?

Description

Time

  • Played on: Aug. 15, 2024, 9:23 a.m.
  • Length: 13:28

All games in this series

Show
View Real Time Build Order
Export as new Build Order

Cure Terran - Winner!

Build Orders: Reaper Expand 

Get SALT Encoding   

  12  0:00  SCV  
  13  0:12  SCV  
  14  0:17  Supply Depot  
  14  0:24  SCV  
  15  0:38  SCV  
  15  0:40  Barracks  
  16  0:42  Refinery  
  16  0:50  SCV  
  17  1:02  SCV  
  18  1:14  SCV  
  19  1:27  Orbital Command, Reaper  
  20  1:41  Command Center  
  20  1:47  Supply Depot  
  20  1:52  SCV  
  21  1:58  Marine  
  22  2:04  SCV  
  23  2:10  Bunker  
  23  2:14  Factory  
  23  2:17  SCV  
  23  2:19  Barracks Reactor  
  24  2:26  Refinery  
  24  2:29  SCV  
  25  2:41  SCV  
  25  2:44  Barracks  
  25  2:53  Orbital Command, SCV  
  26  2:59  Starport  
  26  3:02  Widow Mine  
  28  3:06  SCV  
  28  3:09  Marine  
  28  3:10  Marine  
  31  3:18  SCV  
  32  3:22  SCV  
  32  3:23  Widow Mine  
  35  3:27  Marine  
  35  3:28  Marine  
  35  3:33  SCV  
  35  3:34  SCV  
  39  3:36  Barracks Tech Lab  
  38  3:42  Viking  
  38  3:45  SCV  
  38  3:46  SCV  
  42  3:49  Marine x2  
  42  3:54  Marine, Stimpack  
  45  3:58  SCV  
  45  4:01  Supply Depot  
  46  4:14  Supply Depot, Barracks, Factory Tech Lab  
  46  4:16  SCV x2  
  46  4:23  Marine x3  
  49  4:28  SCV x2  
  51  4:33  Medivac  
  53  4:38  Supply Depot, Engineering Bay  
  53  4:39  Factory Reactor  
  53  4:40  SCV, Marine x3  
  53  4:41  SCV  
  58  4:52  SCV  
  59  4:53  SCV  
  59  4:58  Supply Depot  
  59  4:59  Marauder  
  62  5:00  Marine x2  
  62  5:01  Supply Depot  
  62  5:05  SCV  
  62  5:06  SCV  
  66  5:07  Supply Depot  
  66  5:08  Terran Infantry Weapons Level 1  
  66  5:09  Refinery  
  66  5:10  Marine  
  66  5:12  Combat Shield  
  67  5:18  Marine  
  67  5:19  SCV x2  
  70  5:22  Supply Depot  
  70  5:25  Medivac  
  70  5:28  Factory Reactor  
  72  5:30  Marine x2, Refinery  
  72  5:34  SCV x2  
  71  5:47  Marine, Marauder  
  71  5:48  Marine, Marauder  
  69  5:50  SCV x2  
  69  5:55  Medivac  
  65  6:02  SCV x2  
  67  6:08  Marine, Bunker  
  67  6:09  Marauder  
  67  6:10  Marauder  
  67  6:11  Widow Mine  
  74  6:14  SCV  
  74  6:15  SCV  
  76  6:19  Marine  
  77  6:26  Marine  
  77  6:27  SCV x2  
  77  6:30  Marauder, Medivac  
  77  6:31  Marauder  
  84  6:35  Supply Depot  
  84  6:39  SCV x2  
  86  6:42  Command Center  
  86  6:43  Marine  
  87  6:47  Marine  
  87  6:48  Medivac  
  87  6:51  Concussive Shells, Marauder  
  87  6:52  Marauder  
  94  7:02  SCV x2  
  94  7:05  Marine x2  
  98  7:09  Medivac  
  98  7:10  Widow Mine x2  
  98  7:13  Marauder  
  98  7:14  Marauder  
  108  7:16  Supply Depot, Barracks  
  108  7:17  Terran Infantry Armor Level 1  
  108  7:18  Barracks  
  108  7:26  Marine  
  108  7:27  Marine  
  108  7:32  SCV x2  
  108  7:34  Widow Mine  
  110  7:38  Marauder x2, Widow Mine  
  113  7:44  Marine x2, Medivac  
  117  7:53  Medivac  
  117  7:56  SCV x2  
  121  8:00  Marauder x2  
  125  8:07  Barracks Tech Lab, Barracks Reactor  
  125  8:08  SCV x2, Marine x2  
  125  8:09  Supply Depot  
  125  8:10  Supply Depot  
  129  8:14  Refinery  
  129  8:21  Marauder x2  
  129  8:23  Refinery  
  129  8:25  Orbital Command  
  133  8:31  SCV x2, Viking x2  
  139  8:35  Marauder, Armory  
  139  8:43  SCV x2  
  132  8:50  Marine x2  
  132  8:51  Marine x2, Marauder x2  
  132  8:54  SCV  
  132  8:55  SCV x2  
  141  8:57  Marauder, Widow Mine x2  
  141  8:59  Ghost Academy  
  147  9:06  SCV, Viking  
  147  9:07  SCV  
  147  9:09  SCV  
  149  9:12  Viking  
  149  9:15  Supply Depot x3  
  144  9:18  Marine x2, Marauder  
  148  9:28  Supply Depot  
  148  9:29  Terran Infantry Weapons Level 2  
  148  9:33  Widow Mine  
  148  9:37  Widow Mine  
  150  9:40  Marine x2  
  150  9:41  Marine x2, Marauder x3  
  150  9:45  Viking  
  162  9:50  Engineering Bay  
  162  9:54  Command Center  
  162  9:58  Medivac  
  164  10:00  Missile Turret  
  164  10:13  Ghost x3  
  170  10:14  Marine x4  
  174  10:22  Viking  
  174  10:28  Viking  
  174  10:33  Marine x4  
  179  10:36  Widow Mine x2  
  179  10:38  Terran Infantry Armor Level 2  
  179  10:42  Missile Turret, Ghost, Terran Ship Weapons Level 1  
  180  10:51  Barracks  
  180  10:52  Barracks x2  
  172  11:02  Ghost x2  
  172  11:03  Marine x4  
  165  11:10  Ghost  
  166  11:23  Viking x2  
  166  11:24  Marine x4  
  162  11:31  SCV x3  
  162  11:32  Marauder x2  
  155  11:40  Marauder  
  155  11:42  Marine x2  
  154  11:49  Marine x2  
  154  11:53  Marauder x2, Medivac x2  
  152  12:01  Marauder  
  140  12:03  SCV  
  140  12:04  SCV x2  
  137  12:14  Marine x2, Marauder  
  137  12:15  Barracks Tech Lab, Barracks Reactor  
  133  12:16  Barracks Tech Lab  
  128  12:26  SCV x2  
  128  12:27  Planetary Fortress  
  128  12:29  SCV  
  129  12:33  Refinery  
  127  12:39  Marine x4, Marauder x4  
  127  12:41  SCV  
  127  12:42  SCV  
  141  12:45  SCV  
  141  12:48  Medivac x2  
  146  12:54  Widow Mine x2  
  150  13:01  Marine, Marauder  
  150  13:02  Marauder  
Show
View Real Time Build Order
Export as new Build Order

Classic Protoss 

Build Orders: 1 Gate Expand, Oracle Opening 

Get SALT Encoding   

  12  0:00  Probe  
  13  0:12  Probe  
  14  0:17  Pylon  
  14  0:24  Probe (Chrono Boost)  
  16  0:36  Gateway, Probe (Chrono Boost)  
  16  0:43  Probe (Chrono Boost)  
  16  0:45  Assimilator  
  17  0:50  Probe  
  18  1:03  Probe  
  19  1:15  Probe  
  20  1:24  Cybernetics Core  
  20  1:32  Nexus  
  20  1:39  Pylon  
  20  1:42  Probe  
  21  1:47  Assimilator  
  21  1:54  Probe  
  21  1:58  Adept (Chrono Boost)  
  24  2:06  Probe  
  25  2:19  Probe, Stargate  
  25  2:21  Adept  
  28  2:28  Warp Gate  
  28  2:31  Probe  
  29  2:43  Probe x2  
  31  2:49  Stalker (Chrono Boost)  
  33  2:55  Probe  
  33  2:56  Probe  
  35  3:03  Oracle (Chrono Boost)  
  35  3:08  Probe x2  
  40  3:13  Pylon  
  40  3:20  Probe  
  40  3:22  Probe  
  42  3:32  Probe  
  46  3:34  Probe  
  46  3:37  Twilight Council  
  43  3:44  Probe  
  43  3:46  Probe  
  43  3:47  Gateway  
  45  3:49  Gateway  
  45  3:56  Probe  
  45  3:57  Pylon  
  45  3:58  Probe  
  45  4:02  Assimilator  
  47  4:06  Blink (Chrono Boost)  
  47  4:08  Probe  
  48  4:10  Probe  
  47  4:27  Nexus  
  47  4:29  Probe x2, Pylon  
  46  4:33  Stalker  
  48  4:38  Robotics Facility  
  48  4:45  Stalker x2  
  48  4:48  Probe x2  
  54  4:56  Stalker  
  56  5:00  Probe x2  
  56  5:06  Pylon  
  58  5:08  Stalker  
  58  5:09  Stalker  
  58  5:12  Probe x2  
  64  5:20  Gateway  
  64  5:27  Robotics Bay  
  64  5:28  Probe x2  
  67  5:34  Stalker  
  68  5:37  Stalker x2  
  60  5:52  Probe x2  
  57  5:58  Stalker  
  60  6:05  Probe (Chrono Boost)  
  60  6:06  Probe x2 (Chrono Boost)  
  63  6:18  Stalker, Probe x3 (Chrono Boost)  
  68  6:23  Probe x3 (Chrono Boost)  
  69  6:25  Colossus  
  78  6:33  Shield Battery, Probe (Chrono Boost)  
  78  6:34  Pylon  
  78  6:37  Probe x2 (Chrono Boost)  
  78  6:38  Gateway  
  78  6:40  Gateway  
  78  6:43  Probe (Chrono Boost)  
  78  6:44  Probe  
  78  6:45  Probe  
  81  6:47  Pylon  
  81  6:49  Extended Thermal Lance  
  81  6:51  Forge  
  80  6:56  Stalker  
  80  6:57  Zealot  
  78  7:06  Probe  
  78  7:07  Probe x2  
  81  7:11  Assimilator  
  81  7:14  Shield Battery  
  81  7:15  Pylon  
  81  7:18  Probe  
  81  7:19  Probe x2  
  81  7:20  Charge  
  84  7:23  Stalker  
  84  7:33  Probe x3  
  84  7:36  Stalker x2  
  89  7:37  Zealot x2  
  89  7:46  Probe x3 (Chrono Boost)  
  92  7:51  Colossus (Chrono Boost)  
  92  7:58  Probe x3 (Chrono Boost)  
  101  8:01  Pylon, Protoss Ground Weapons Level 1 (Chrono Boost)  
  101  8:06  Probe x3 (Chrono Boost)  
  101  8:09  Pylon  
  104  8:13  Sentry  
  104  8:16  Nexus  
  105  8:27  Zealot x5  
  105  8:29  Phoenix (Chrono Boost)  
  117  8:38  Zealot  
  119  8:46  Probe x3  
  119  8:48  Stalker x3  
  115  8:58  Zealot x2, Probe x3  
  122  9:07  Pylon, Colossus (Chrono Boost)  
  122  9:10  Probe x3  
  123  9:18  Zealot x3  
  123  9:19  Zealot  
  131  9:27  Zealot x2  
  132  9:38  Gateway  
  128  9:39  Gateway  
  128  9:42  Shield Battery  
  128  9:44  Sentry  
  128  9:45  Stalker x3  
  136  9:48  Forge  
  136  9:51  Observer (Chrono Boost)  
  137  9:54  Zealot x2  
  137  9:56  Pylon  
  141  10:04  Protoss Ground Weapons Level 2 (Chrono Boost)  
  140  10:07  Observer (Chrono Boost)  
  140  10:08  Pylon  
  140  10:24  Pylon  
  140  10:25  Pylon  
  140  10:27  Pylon  
  140  10:31  Zealot x2  
  139  10:35  Robotics Facility  
  139  10:38  Protoss Ground Armor Level 1 (Chrono Boost)  
  139  10:39  Pylon  
  139  10:40  Warp Prism (Chrono Boost)  
  141  10:42  Stalker  
  141  10:43  Stalker x2, Zealot  
  141  10:44  Zealot x2  
  141  10:46  Probe x2  
  141  10:47  Probe x2  
  141  10:48  Assimilator  
  149  10:58  Zealot x2  
  136  11:05  Zealot x3  
  136  11:06  Zealot x3  
  135  11:25  Stalker x3  
  141  11:27  Probe x4  
  141  11:28  Zealot x5  
  143  11:49  Zealot x2  
  143  11:50  Zealot  
  143  11:51  Zealot x5  
  80  12:10  Zealot x2  
  80  12:11  Zealot x6  
  80  12:12  Probe x3  
  80  12:13  Probe  
  80  12:15  Zealot x6  
  65  12:26  Probe x3 (Chrono Boost)  
  65  12:27  Pylon  
  67  12:32  Robotics Facility  
  67  12:34  Robotics Facility  
  67  12:35  Probe (Chrono Boost)  
  68  12:44  Probe x3 (Chrono Boost)  
  72  12:46  Probe (Chrono Boost)  
  72  12:47  Stalker  
  72  12:48  Stalker  
  72  12:49  Probe (Chrono Boost)  
  72  12:50  Probe  
  77  12:53  Sentry x3  
  77  12:55  Probe x2  
  86  12:59  Stalker  
  86  13:02  Shield Battery  
  86  13:03  Zealot  
  90  13:08  Zealot  
  90  13:12  Zealot x2  
Tags
 
Add a new tag
Caveats
  • Supply blocks, unpowered buildings, or Contaminate may cause inaccurate times.
  • Supply counts are checked every 10 seconds.